 Dungeon Crawl Stone Soup version 0.29-a0-1008-g949cc1d0fb (webtiles) character file.

Game seed: 14513373103101571934

809 Klosterheim the Chopper (level 7, -1/63 HPs)
             Began as a Pale Draconian Cinder Acolyte on Aug 7, 2022.
             Slain by a scorpion (4 damage)
             ... on level 5 of the Dungeon on Aug 9, 2022.
             The game lasted 00:10:12 (4377 turns).

Klosterheim the Chopper (DrCA)                      Turns: 4377, Time: 00:10:13

Health: -1/63      AC:  6    Str: 17    XL:     7   Next: 61%
Magic:  8/8        EV: 11    Int: 16    God:
Gold:   255        SH:  0    Dex:  6    Spells: 8/8 levels left

rFire   . . .      SeeInvis .   a - -1 hand axe (flame)
rCold   . . .      Faith    .   (no shield)
rNeg    . . .      Spirit   .   (body armour unavailable)
rPois   .          Reflect  .   (helmet restricted)
rElec   .          Harm     .   (no cloak)
rCorr   .          Rampage  .   (no gloves)
Will    .....                   (no boots)
Stlth   +.........              (no amulet)
HPRegen 0.20/turn               b - ring of protection from fire
MPRegen 0.11/turn               f - ring of protection from fire

@: fire susceptible
A: breathe steam, AC +6, unfitting armour, cold-blooded, steam resistance
a: Breathe Steam


You were on level 5 of the Dungeon.
You visited 1 branch of the dungeon, and saw 5 of its levels.
You also visited: Sewer.

You collected 255 gold pieces.

Inventory:

Hand Weapons
 a - a -1 hand axe of flaming (weapon)
Jewellery
 b - a ring of protection from fire (left hand)
 f - a ring of protection from fire (right hand)
 p - a ring of flight
Wands
 c - a wand of polymorph (7)
Scrolls
 i - a scroll of vulnerability {unknown}
 l - a scroll of magic mapping
 o - 3 scrolls of teleportation
 s - a scroll of identify
Potions
 d - 3 potions of heal wounds
 e - a potion of might {unknown}
 g - a potion of haste {unknown}
 h - 3 potions of brilliance
 j - 3 potions of lignification
 k - 4 potions of curing
 m - a potion of mutation {unknown}
 n - a potion of magic {unknown}
 q - a potion of degeneration {unknown}


   Skills:
 + Level 6.2 Fighting
 * Level 7.6 Axes
 * Level 0.3 Dodging
 - Level 1.0 Spellcasting
 + Level 3.3 Fire Magic


You had 8 spell levels left.
You didn't know any spells.
Your spell library contained the following spells:

 Spells                   Type           Power      Damage    Failure   Level
 Scorch                   Fire           22%        2d6       9%          2
 Shock                    Conj/Air       0%         1d3       22%         1
 Swiftness                Air            0%         N/A       56%         3
 Airstrike                Air            0%         2d(0-16)  92%         4


Dungeon Overview and Level Annotations

Branches:
Dungeon (5/15)              Sewer (visited)
 Temple: D:4-7

Altars:

Shops:
D:1 :=(=(   D:2 *

Annotations:
D:5 Ijyb


Innate Abilities, Weirdness & Mutations

You can breathe blasts of scalding, opaque steam.
Your pale cyan-grey scales are hard. (AC +6)
You cannot fit into any form of body armour.
You are cold-blooded and may be slowed by cold attacks.
You are immune to the effects of steam.


Message History

The orc wizard casts a spell.
The orc wizard flickers and vanishes!
Deactivating autopickup; reactivate with Ctrl-A.
You have got your breath back.
Aiming: Breathe Steam (1% risk of failure)
Press: ? - help, Shift-Dir - straight line, f - scorpion
Aim: a scorpion (71% to hit)
You exhale a blast of scalding steam.
The ball of steam hits the orc!
You kill the orc!
You feel a bit more experienced.
Ijyb hits you with a +6 dagger of flaming!
Ijyb burns you.
You have got your breath back.
Ijyb zaps a wand.
The roots erupt in riotous growth!
The grasping roots grab you!
Ijyb is unaffected.
The grasping roots constrict you!
You hit Ijyb but do no damage.
Your tail-slap misses Ijyb.
Ijyb hits you with a +6 dagger of flaming.
Ijyb burns you. The grasping roots constrict you.
You escape the roots grasp.
Ijyb barely misses you. Ijyb attacks as you move away!
Ijyb hits you with a +6 dagger of flaming!
* * * LOW HITPOINT WARNING * * *
Ijyb burns you.
* * * LOW HITPOINT WARNING * * *
Ijyb attacks as you move away!
Ijyb hits you with a +6 dagger of flaming.
* * * LOW HITPOINT WARNING * * *
Ijyb burns you.
* * * LOW HITPOINT WARNING * * *
The scorpion attacks as you move away!
The scorpion stings you but does no damage.
The scorpion attacks as you move away! The scorpion completely misses you.
Ijyb zaps a wand.
The roots erupt in riotous growth!
The grasping roots grab you! The grasping roots constrict you.
* * * LOW HITPOINT WARNING * * *
You escape the roots grasp.
The scorpion attacks as you move away! The scorpion stings you.
You die...

.......)..................
.............#.#.####.#.#+
..........................
.....#J..........####.#...
.....#.....##.o..# ...
.... #.......J.#†# .. ...
....##...g..# .. ...
..........s..# ...
...##..@..# .... ...
#.....###.... ..
#..........#+
#............
#............
...####............
.............####...
........####........
........####........


You could see Ijyb, a scorpion, a jelly and an orc.

Vanquished Creatures
  Edmund (D:4)
  A water moccasin (Sewer)
  A black bear (D:4)
  2 centaurs
  A scorpion (D:4)
  A hound (D:4)
  Jessica (D:3)
  An iguana (D:4)
  3 orc wizards
  Robin (D:4)
  A gnoll (D:1)
  An adder (D:2)
  2 worms (D:2)
  A dart slug (D:1)
  7 orcs
  8 ball pythons
  8 bats
  An endoplasm (D:3)
  4 giant cockroaches
  5 hobgoblins
  2 jackals (Sewer)
  7 kobolds
  2 quokkas
  2 frilled lizards
  14 goblins
  7 rats
85 creatures vanquished.

Vanquished Creatures (others)
  65 foxfires
65 creatures vanquished.

Grand Total: 150 creatures vanquished

Notes
Turn   | Place    | Note
-------+----------+-------------------------------------------
     0 | D:1      | Klosterheim the Draconian Cinder Acolyte began the quest
                  | for the Orb.
     0 | D:1      | Reached XP level 1. HP: 19/19 MP: 2/2
    76 | D:1      | Found Qiwo's Weapon Boutique.
    84 | D:1      | Found a faded altar of an unknown god.
    94 | D:1      | Reached XP level 2. HP: 17/26 MP: 3/3
   380 | D:1      | Found Arialia's Jewellery Boutique.
   588 | D:1      | Reached XP level 3. HP: 32/33 MP: 4/4
   668 | D:1      | Found Ocovod's Antique Weapon Shop.
   739 | D:1      | Found Samuiri's Jewellery Shop.
   754 | D:1      | Found Sibb's Book Boutique.
   827 | D:2      | Reached skill level 4 in Axes
  1079 | D:2      | Found Ruuneaco's General Store.
  1846 | D:3      | Reached XP level 4. HP: 24/40 MP: 5/5
  1854 | D:3      | Noticed Jessica
  1863 | D:3      | Killed Jessica
  1864 | D:3      | Reached skill level 5 in Axes
  1864 | D:3      | Reached XP level 5. HP: 31/47 MP: 6/6
  1887 | D:3      | Found a glowing drain.
  1904 | Sewer    | Entered a sewer
  2099 | Sewer    | Noticed a water moccasin
  2102 | Sewer    | Killed a water moccasin
  2181 | D:3      | Reached skill level 5 in Fighting
  2533 | D:3      | Noticed a centaur
  2542 | D:3      | Killed a centaur
  2543 | D:3      | Reached skill level 6 in Axes
  2543 | D:3      | Reached XP level 6. HP: 32/56 MP: 7/7
  3294 | D:4      | Noticed Robin
  3306 | D:4      | Killed Robin
  3411 | D:4      | Your scales start taking on a pale cyan-grey colour.
  3411 | D:4      | Reached XP level 7. HP: 59/62 MP: 8/8
  3411 | D:4      | Gained mutation: You are immune to the effects of steam.
                  | [Pale Draconian growth]
  3610 | D:4      | Noticed Edmund
  3624 | D:4      | Killed Edmund
  3625 | D:4      | Reached skill level 7 in Axes
  3976 | D:3      | Fell from the grace of Ignis
  4291 | D:5      | Entered Level 5 of the Dungeon
  4356 | D:5      | Noticed Ijyb
  4375 | D:5      | HP: 3/63 [constriction (4)]
  4377 | D:5      | Slain by a scorpion

Illustrated notes

Levels and vault maps discovered:
D:1:      giann_wishing_wells, layout_loops_ring, serial_shops,
          nicolae_shop_window_shopping, shop, nicolae_shop_hallway_stairs,
          shop_fountains, shop_fountains, hellmonk_ecumenical_altar_lost_god
D:2:      minmay_chambers_of_ones, layout_basic, serial_shops,
          nicolae_shop_stone
D:3:      layout_basic, portal_sewer_entry_b, uniq_jessica
D:4:      layout_loops_corners, uniq_duvessa, uniq_robin, uniq_edmund
D:5:      layout_basic, lemuel_crystal_altar, uniq_ijyb

Skill      XL: |  1  2  3  4  5  6  7 |
---------------+----------------------+-----
Axes           | 4 5 6 7 |  7.6
Fighting       | 4 5 6 |  6.2
Dodging        | |  0.3
Spellcasting   | |  1.0
Fire Magic     | |  3.3

Action                   |  1- 3 |  4- 6 |  7- 9 || total
-------------------------+-------+-------+-------++-------
Melee: Hand axe          |    98 |    88 |    25 ||   211
       Tailslap          |     7 |    10 |     2 ||    19
       Unarmed           |       |     6 |       ||     6
       Punch             |       |     2 |       ||     2
Invok: Fiery Armour      |     1 |     2 |       ||     3
       Foxfire Swarm     |     2 |     3 |     1 ||     6
       Rising Flame      |       |       |     1 ||     1
       Renounce Religion |       |       |     1 ||     1
 Abil: Breathe Steam     |       |       |     4 ||     4
  Use: Scroll            |     2 |     7 |       ||     9
Armor: Skin              |    42 |    41 |     4 ||    87
Dodge: Dodged            |    73 |    64 |    15 ||   152

Table legend: (Time is in decaauts)
 A = Elapsed time spent in this place.
 B = Non-inter-level travel time spent in this place.
 C = Inter-level travel time spent in this place.
 D = Time resting spent in this place.
 E = Time spent auto-exploring this place.
 F = Levels seen in this place.
 G = Mean time per level.
                   A        B        C        D        E       F      G
               +--------+--------+--------+--------+--------+-----+--------+
         Total |   4399 |   3904 |    495 |    947 |   2337 |   6 |  733.2 |
       Dungeon |   4141 |   3646 |    495 |    845 |   2229 |   5 |  828.2 |
         Sewer |    257 |    257 |      0 |    102 |    107 |   1 |  257.0 |
               +--------+--------+--------+--------+--------+-----+--------+

Top non-repeatable levels by time:
     D:3: 1176 daAuts
     D:4: 1060 daAuts
     D:2: 993 daAuts
     D:1: 825 daAuts
   Sewer: 257 daAuts
     D:5: 85 daAuts
